 Dungeon Crawl Stone Soup version 0.20.1-1-g8b1a95d (console) character file.

232 hilaritas the Magician (level 5, -1/28 HPs)
             Began as a Deep Elf Conjurer on Dec 28, 2017.
             Slain by a worm (7 damage)
             ... on level 3 of the Dungeon.
             The game lasted 00:08:28 (3663 turns).

hilaritas the Magician (Deep Elf Conjurer)          Turns: 3663, Time: 00:08:28

Health: -1/28      AC:  3    Str:  3 (6)  XL:     5   Next: 73%
Magic:  1/15       EV: 12    Int: 18 (20) God:
Gold:   80         SH:  5    Dex: 15      Spells: 6/16 levels left

rFire    . . .     SeeInvis .   i - +0 short sword
rCold    . . .     Gourm    .   e - +0 buckler
rNeg     . . .     Faith    .   a - +0 robe
rPois    .         Spirit   .   (no helmet)
rElec    .         Reflect  .   (no cloak)
rCorr    .         Harm     .   d - +0 pair of gloves
MR       .....                  (no boots)
Stlth    ++........             (no amulet)
Regen    0.1/turn               (no ring)
MPRegen  0.2/turn               (no ring)

@: no status effects
A: no striking features
a: no special abilities


You were on level 3 of the Dungeon.
You were not hungry.

You visited 1 branch of the dungeon, and saw 3 of its levels.

You collected 80 gold pieces.

Inventory:

Hand Weapons
 i - a +0 short sword (weapon)
Armour
 a - a +0 robe (worn)
 d - a +0 pair of gloves (worn)
 e - a +0 buckler (worn)
Scrolls
 g - a scroll of teleportation {unknown}
 l - a scroll of fog {unknown}
 q - a scroll of magic mapping {unknown}
 r - 2 scrolls of remove curse {unknown}
Potions
 h - a potion of berserk rage {unknown}
 j - 2 potions of agility
 m - a potion of magic {unknown}
 n - a potion of cancellation {unknown}
 o - a potion of haste {unknown}
 p - a potion of might {unknown}
 t - a potion of curing {unknown}
 v - 2 potions of flight {unknown}
 w - a potion of brilliance {unknown}
 x - a potion of mutation {unknown}
Books
 b - a book of Conjurations

   Spells                             Type                      Level
   a - Magic Dart                     Conjuration                  1
   b - Searing Ray                    Conjuration                  2
   c - Dazzling Spray                 Conjuration/Hexes            3
   d - Fulminant Prism                Conjuration/Hexes            4
   e - Force Lance                    Conjuration/Translocation    4
   f - Iskenderun's Mystic Blast      Conjuration                  4
Comestibles
 c - 3 bread rations
 f - a royal jelly
 k - a meat ration


   Skills:
 - Level 2.4 Dodging
 - Level 2.4 Stealth
 * Level 2.6 Shields
 - Level 6.0 Spellcasting
 - Level 5.0 Conjurations


You had 6 spell levels left.
You knew the following spells:

 Your Spells              Type           Power        Failure   Level  Hunger
a - Magic Dart            Conj           ###.         1%          1    None
b - Searing Ray           Conj           ###...       2%          2    None
c - Dazzling Spray        Conj/Hex       ##....       16%         3    ##.....
d - Iskenderun's Mystic   Conj           ###.....     19%         4    ####...


Dungeon Overview and Level Annotations

Branches:
Dungeon (3/15)

Altars:
Dithmenos
Makhleb
Qazlal
Ru
Trog


Message History

Aim: a worm (severely wounded, berserk, fast, unusually strong)
The magic dart hits the worm.
The worm is almost dead.
The worm bites you!
* * * LOW HITPOINT WARNING * * *
You feel much better. The worm bites you.
You hit the worm.
The worm is severely wounded.
The worm bites you!
You hit the worm.
The worm is almost dead.
The worm bites you!
You hit the worm.
The worm is almost dead.
You block the worm's attack.
All of the chunks of flesh in your inventory have rotted away.
You hit the worm.
The worm is almost dead.
The worm bites you!
You die...

E#...#E#....
####...###....
######.............
#..................
#.##########.......
#.# ##....###......
#.###.......##.....
###..#........)##....
#...##....#....###..#
#...##...###...)##...
#..>@w...#y#._..##..รท
#...##...###..).####.
###.##....#...)#####.
#..#.........##...#
#..##.......##.....
#...##....###....##
#....#######.....
#................#
#............<...##
##...##..........##
#...##............


You could see a moth of wrath and a worm (berserk).

Vanquished Creatures
  An orc priest (D:3)
  Terence (D:2)
  Natasha (thrice) (D:2)
  4 adders
  4 worms
  3 dart slugs (D:1)
  A leopard gecko (D:1)
  2 orcs
  4 giant cockroaches
  6 goblins
  8 hobgoblins
  4 kobolds (D:1)
  A quokka (D:2)
  A ball python (D:2)
  2 bats (D:2)
  2 frilled lizards
  6 rats
53 creatures vanquished.

Notes
Turn   | Place    | Note
-------+----------+-------------------------------------------
     0 | D:1      | hilaritas the Deep Elf Conjurer began the quest for the Orb.
     0 | D:1      | Reached XP level 1. HP: 10/10 MP: 6/6
   286 | D:1      | Reached XP level 2. HP: 15/15 MP: 2/8
   359 | D:1      | Reached skill level 5 in Conjurations
   363 | D:1      | Learned a level 2 spell: Searing Ray
  1336 | D:1      | Reached XP level 3. HP: 19/19 MP: 3/10
  1411 | D:1      | Learned a level 3 spell: Dazzling Spray
  1771 | D:2      | Reached skill level 1 in Shields
  1848 | D:2      | Noticed Natasha
  1853 | D:2      | Killed Natasha
  1853 | D:2      | Reached skill level 4 in Spellcasting
  1853 | D:2      | Noticed Natasha
  1858 | D:2      | Killed Natasha
  1858 | D:2      | Reached XP level 4. HP: 7/24 MP: 1/12
  1897 | D:2      | Noticed Natasha
  1902 | D:2      | Killed Natasha
  1909 | D:2      | Learned a level 4 spell: Iskenderun's Mystic Blast
  2153 | D:2      | Found a sacrificial altar of Ru.
  2194 | D:2      | Reached skill level 5 in Spellcasting
  2360 | D:2      | Noticed Terence
  2368 | D:2      | Killed Terence
  2368 | D:2      | Reached XP level 5. HP: 28/28 MP: 6/14
  2951 | D:2      | Found a shadowy altar of Dithmenos.
  3044 | D:2      | Found a burning altar of Makhleb.
  3044 | D:2      | Noticed a green death
  3169 | D:3      | Reached skill level 6 in Spellcasting
  3561 | D:3      | Noticed a water elemental
  3563 | D:3      | Found a stormy altar of Qazlal.
  3581 | D:3      | Noticed a moth of wrath
  3606 | D:3      | Found a bloodstained altar of Trog.
  3658 | D:3      | HP: 2/28 [worm (8)]
  3663 | D:3      | Slain by a worm

Skill      XL: |  1  2  3  4  5 |
---------------+----------------+-----
Conjurations   | 5 |  5.0
Shields        | 1 2 |  2.6
Spellcasting   | 4 5 6 |  6.0
Dodging        | |  2.4
Stealth        | |  2.4

Action                   |  1- 3 |  4- 6 || total
-------------------------+-------+-------++-------
Melee: Unarmed           |     4 |       ||     4
       Short sword       |       |     4 ||     4
 Cast: Magic Dart        |    66 |    42 ||   108
       Searing Ray       |     1 |    12 ||    13
  Use: Potion            |       |     3 ||     3
  Eat: Chunk             |     3 |     5 ||     8
Armor: Robe              |     3 |     5 ||     8
Dodge: Dodged            |     7 |    14 ||    21
Block: Buckler           |       |    11 ||    11
